Map: Ascension to Aiur LE

Players

Yata

  • Race: Zerg Zerg
  • League: Silver
  • Spawn Location: 11:00

Elnegrazo - Winner!

  • Race: Zerg Zerg
  • League: Silver
  • Spawn Location: 5:00

VOD

Have the link to the VOD?

Description

Time

  • Played on: July 10, 2017, 5:55 p.m.
  • Length: 16:48
Show
View Real Time Build Order
Export as new Build Order

Yata Zerg 

Build Orders: Hatch First 

Get SALT Encoding   

  12  0:01  Drone  
  13  0:13  Overlord  
  13  0:18  Drone  
  14  0:31  Drone  
  14  0:32  Drone  
  14  0:35  Drone  
  17  0:53  Hatchery  
  17  0:56  Drone  
  17  1:00  Drone  
  17  1:02  Extractor  
  17  1:19  Spawning Pool  
  17  1:21  Drone  
  17  1:23  Drone  
  18  1:28  Drone  
  19  1:54  Overlord  
  19  2:08  Zergling x4  
  21  2:11  Queen  
  25  2:52  Queen  
  25  3:08  Drone  
  25  3:09  Drone x5  
  25  3:10  Hatchery  
  30  3:19  Metabolic Boost  
  30  3:24  Baneling Nest  
  29  3:31  Overlord  
  28  3:59  Overlord x2  
  27  4:03  Zergling x8  
  31  4:20  Overlord x2  
  31  4:30  Zergling x4  
  33  4:38  Queen  
  35  4:47  Drone  
  35  4:48  Drone x7  
  35  4:49  Drone  
  44  4:58  Baneling x2  
  44  4:59  Baneling x3  
  44  5:00  Baneling x2  
  44  5:13  Drone x3  
  44  5:28  Zergling x8  
  45  5:29  Zergling x2  
  46  6:00  Evolution Chamber  
  45  6:05  Drone  
  45  6:06  Drone x6  
  45  6:07  Drone  
  53  6:13  Lair  
  53  6:16  Pneumatized Carapace  
  53  6:18  Baneling x4  
  48  6:52  Zerg Melee Weapons Level 1  
  48  6:57  Zergling x14  
  48  6:58  Zergling x16  
  63  7:39  Extractor  
  62  7:49  Spire  
  56  8:19  Baneling  
  56  8:20  Baneling x5  
  56  8:25  Hatchery  
  55  8:32  Extractor  
  54  8:36  Overlord x2  
  44  8:56  Spore Crawler  
  44  8:58  Spore Crawler  
  44  9:02  Spore Crawler  
  41  9:08  Spore Crawler  
  41  9:09  Spore Crawler  
  39  9:12  Spore Crawler  
  39  9:38  Zergling x2  
  39  9:39  Zergling x48  
  63  9:54  Queen  
  63  10:12  Zerg Melee Weapons Level 2  
  59  10:26  Zergling x6  
  45  10:48  Zergling x16  
  45  10:49  Zergling x24  
  60  10:57  Zergling x4  
  62  11:15  Centrifical Hooks  
  62  11:20  Infestation Pit  
  39  11:54  Zergling x4  
  39  11:56  Zergling x2  
  39  11:57  Zergling x30  
  56  12:05  Overlord  
  56  12:06  Overlord  
  56  12:10  Overlord  
  56  12:16  Baneling  
  56  12:17  Baneling x14  
  37  12:39  Zergling x2  
  37  12:40  Zergling x24  
  50  12:53  Overseer x2  
  42  13:12  Zergling x2  
  39  13:13  Zergling x16  
  47  13:30  Baneling x3  
  43  13:47  Zergling x2  
  43  13:48  Zergling x22  
  55  14:03  Hive  
  37  14:48  Hydralisk Den  
  37  14:51  Drone  
  37  15:00  Queen x2  
  41  15:23  Ultralisk Cavern  
  40  15:34  Hatchery  
  39  15:53  Hydralisk x13  
  39  15:54  Hydralisk x3  
  70  16:22  Zergling x8  
  74  16:27  Overlord x4  
Show
View Real Time Build Order
Export as new Build Order

Elnegrazo Zerg - Winner!

Build Orders: Pool First 

Get SALT Encoding   

  12  0:02  Drone  
  13  0:12  Overlord  
  13  0:18  Drone  
  14  0:25  Extractor, Drone  
  14  0:37  Drone  
  14  0:39  Drone  
  16  0:49  Drone  
  17  0:59  Drone  
  17  1:03  Spawning Pool  
  17  1:07  Drone  
  18  1:29  Hatchery  
  17  1:46  Drone  
  17  1:47  Drone x2  
  20  1:56  Spine Crawler  
  20  2:16  Spawning Pool  
  20  2:18  Spine Crawler  
  20  2:21  Queen  
  21  2:29  Drone  
  22  2:34  Overlord x2  
  22  2:37  Spine Crawler  
  21  2:47  Zergling x2, Spine Crawler, Metabolic Boost  
  21  2:54  Zergling x2  
  22  3:00  Drone  
  23  3:06  Spore Crawler  
  23  3:09  Drone  
  23  3:16  Queen  
  25  3:23  Drone  
  26  3:31  Drone  
  26  3:32  Spore Crawler, Drone  
  27  4:05  Drone  
  27  4:06  Drone x2  
  27  4:09  Lair  
  30  4:10  Drone x3  
  30  4:11  Drone x2  
  30  4:13  Extractor  
  34  4:30  Roach Warren  
  33  4:35  Evolution Chamber  
  33  4:37  Drone x2  
  34  4:46  Zergling x4  
  34  4:47  Zergling x2, Drone x2  
  39  4:52  Extractor  
  39  4:53  Drone  
  39  5:03  Zerg Missile Weapons Level 1  
  39  5:16  Drone  
  39  5:17  Drone  
  41  5:25  Drone x3  
  41  5:33  Drone  
  41  5:34  Hydralisk Den  
  37  5:49  Drone x3  
  40  5:57  Spine Crawler  
  40  6:02  Spine Crawler  
  38  6:04  Hydralisk x2  
  38  6:05  Hydralisk  
  38  6:08  Overlord x3  
  44  6:14  Extractor, Drone  
  44  6:20  Spine Crawler  
  44  6:21  Drone  
  44  6:28  Hydralisk x3  
  49  6:53  Queen  
  51  6:57  Lurker Den  
  51  7:03  Drone  
  51  7:04  Spire  
  51  7:06  Drone x3  
  54  7:11  Drone x3  
  57  7:23  Hatchery  
  57  7:24  Zerg Missile Weapons Level 2  
  57  7:27  Glial Reconstitution  
  56  7:33  Burrow  
  56  8:08  Spine Crawler  
  55  8:18  Infestation Pit  
  55  8:19  Mutalisk  
  54  8:20  Mutalisk x5  
  54  8:24  Overlord x3  
  66  8:32  Drone x2  
  68  8:36  Muscular Augments  
  60  8:54  Zergling x6  
  61  9:20  Zergling x8  
  61  9:21  Zergling x12  
  61  9:22  Zergling x2  
  63  10:07  Zergling x6  
  63  10:08  Zergling x12  
  64  10:29  Hydralisk x2  
  68  10:38  Drone x16  
  68  10:59  Hydralisk x3  
  68  11:00  Hydralisk x3  
  80  11:20  Zergling x2  
  80  11:23  Hive  
  81  11:25  Zerg Flyer Weapons Level 1  
  81  11:29  Mutalisk x3  
  87  11:33  Hatchery  
  86  11:42  Spine Crawler  
  78  11:50  Spine Crawler  
  78  11:51  Hydralisk x4  
  76  11:57  Lurker x2  
  79  12:01  Zergling x4  
  80  12:25  Hatchery  
  61  13:11  Mutalisk x4, Hydralisk  
  61  13:12  Zergling x2, Hydralisk x2  
  76  13:13  Zergling x8  
  76  13:14  Overlord  
  76  13:15  Overlord x2  
  76  13:18  Queen  
  76  13:19  Drone x3  
  85  13:23  Ultralisk Cavern  
  75  13:47  Queen  
  77  13:49  Drone x2  
  79  14:00  Adrenal Glands  
  79  14:05  Drone  
  73  14:40  Ultralisk x2  
  73  14:42  Zergling x2  
  86  14:50  Hydralisk x3  
  92  15:22  Mutalisk  
  92  15:23  Mutalisk x7  
  92  15:25  Zergling x4  
  92  15:26  Zergling x2  
  111  15:35  Extractor  
  110  15:36  Extractor  
  109  16:01  Spine Crawler  
  109  16:02  Spine Crawler  
  109  16:03  Spine Crawler  
  106  16:16  Lurker  
  106  16:17  Lurker x2  
  109  16:31  Drone x2  
  111  16:35  Extractor  
  111  16:38  Extractor  
Tags
 
Add a new tag
Caveats
  • Supply blocks, unpowered buildings, or Contaminate may cause inaccurate times.
  • Supply counts are checked every 10 seconds.